Map: Redshift LE

Players

Avoš - Winner!

  • Race: Protoss Protoss
  • Spawn Location: 7:00

mancool

  • Race: Terran Terran
  • Spawn Location: 11:00

VOD

Have the link to the VOD?

Description

Time

  • Played on: July 30, 2018, 6:16 p.m.
  • Length: 18:15
Show
View Real Time Build Order
Export as new Build Order

Avoš Protoss - Winner!

Build Orders:  

Get SALT Encoding   

  12  0:00  Probe  
  13  0:13  Probe  
  14  0:22  Pylon  
  14  0:25  Probe  
  15  0:40  Probe  
  15  0:41  Gateway  
  16  0:48  Assimilator  
  16  0:52  Probe  
  16  0:54  Assimilator  
  17  1:04  Probe  
  17  1:10  Gateway  
  18  1:16  Probe  
  19  1:29  Probe  
  19  1:32  Cybernetics Core  
  20  1:42  Pylon  
  20  1:43  Probe  
  21  1:55  Probe  
  21  1:59  Warp Gate  
  22  2:10  Sentry  
  24  2:17  Stalker  
  26  2:24  Probe  
  26  2:25  Pylon  
  27  2:36  Probe  
  28  2:50  Probe  
  29  2:52  Pylon  
  29  2:53  Stalker  
  29  2:54  Stalker  
  33  3:03  Probe  
  34  3:20  Forge  
  34  3:21  Probe  
  35  3:30  Stalker x2  
  35  3:33  Probe  
  40  3:56  Probe  
  40  4:02  Nexus  
  41  4:06  Protoss Ground Weapons Level 1  
  41  4:08  Probe  
  42  4:15  Twilight Council  
  42  4:35  Stalker x2  
  46  4:44  Blink  
  46  4:47  Probe  
  47  4:54  Pylon  
  47  5:09  Probe  
  41  5:21  Probe  
  42  5:33  Probe  
  43  6:05  Probe  
  43  6:09  Probe  
  45  6:17  Probe  
  46  6:21  Probe  
  47  6:26  Protoss Ground Armor Level 1  
  47  6:29  Probe  
  48  6:33  Probe  
  49  6:41  Probe  
  49  6:45  Probe, Charge  
  51  6:53  Probe  
  52  7:05  Probe  
  53  7:11  Gateway  
  53  7:12  Assimilator, Gateway  
  53  7:14  Gateway  
  53  7:15  Assimilator  
  53  7:16  Gateway  
  53  7:17  Probe, Pylon  
  53  7:19  Pylon  
  54  7:24  Shield Battery  
  54  7:27  Photon Cannon  
  54  7:29  Probe  
  55  7:31  Photon Cannon  
  55  7:35  Photon Cannon  
  55  7:41  Shield Battery, Photon Cannon  
  55  7:47  Photon Cannon  
  55  7:48  Probe x2  
  55  7:50  Photon Cannon  
  57  7:52  Photon Cannon  
  57  7:55  Photon Cannon  
  57  8:00  Probe, Photon Cannon  
  57  8:01  Probe  
  59  8:06  Zealot x2  
  59  8:08  Zealot  
  59  8:09  Zealot  
  67  8:12  Probe  
  67  8:13  Probe  
  69  8:25  Probe  
  70  8:35  Nexus  
  70  8:38  Pylon  
  70  8:41  Pylon  
  70  8:43  Assimilator  
  70  8:46  Assimilator  
  70  9:00  Probe x2  
  64  9:12  Probe  
  49  9:27  Zealot x3  
  49  9:28  Zealot x3  
  61  9:49  Stalker  
  61  9:50  Stalker x4  
  61  9:51  Stalker  
  73  10:02  Probe x3  
  76  10:14  Probe x3  
  76  10:20  Zealot x4  
  76  10:21  Zealot x2  
  91  10:26  Probe x3  
  94  10:46  Pylon  
  94  10:49  Pylon  
  94  10:51  Probe x2  
  94  10:52  Probe, Gateway  
  94  10:55  Gateway  
  97  11:00  Stalker  
  97  11:01  Stalker x4  
  97  11:02  Stalker  
  109  11:07  Probe x3  
  112  11:19  Pylon  
  112  11:45  Stalker  
  112  11:46  Stalker x4  
  122  11:47  Stalker  
  124  12:24  Nexus  
  124  12:26  Pylon  
  124  12:29  Pylon  
  124  12:31  Pylon  
  124  12:35  Assimilator  
  124  12:36  Assimilator  
  124  12:58  Photon Cannon  
  124  12:59  Photon Cannon  
  100  13:38  Probe x2  
  100  13:39  Probe x2  
  104  13:50  Probe  
  104  13:51  Probe x3  
  104  13:52  Stargate  
  104  13:54  Stargate  
  104  13:55  Stargate  
  108  13:58  Stargate  
  108  14:03  Probe  
  109  14:15  Shield Battery  
  109  14:17  Photon Cannon  
  109  14:21  Probe x4  
  109  14:23  Photon Cannon  
  113  14:25  Photon Cannon  
  113  14:28  Photon Cannon  
  113  14:30  Photon Cannon  
  113  14:31  Zealot x3  
  115  14:32  Zealot x2  
  115  14:33  Probe x4, Zealot  
  129  14:39  Pylon  
  129  14:41  Pylon  
  129  14:43  Pylon  
  129  14:47  Void Ray x4  
  145  15:22  Gateway  
  145  15:24  Protoss Ground Weapons Level 2, Gateway  
  145  15:27  Gateway  
  145  15:29  Void Ray x2, Gateway  
  145  15:30  Void Ray x2  
  161  16:04  Nexus  
  161  16:06  Assimilator  
  161  16:12  Assimilator  
  161  16:13  Pylon x2  
  161  16:18  Zealot x2, Pylon  
  161  16:19  Zealot x3  
  171  17:17  Zealot x5  
  171  17:18  Zealot x4  
Show
View Real Time Build Order
Export as new Build Order

mancool Terran 

Build Orders: Mech 

Get SALT Encoding   

  12  0:02  SCV  
  13  0:14  SCV  
  14  0:23  Supply Depot  
  14  0:27  SCV  
  15  0:44  SCV  
  15  0:48  Barracks  
  16  0:53  Refinery  
  16  0:57  SCV  
  17  1:05  Refinery  
  17  1:09  SCV  
  18  1:21  SCV  
  19  1:38  Orbital Command  
  19  1:40  Barracks Reactor  
  19  1:45  Supply Depot  
  19  2:03  Factory  
  19  2:07  SCV  
  20  2:19  Supply Depot  
  20  2:20  Marine x2  
  22  2:26  SCV  
  23  2:38  Marine x2  
  25  2:49  Factory Tech Lab  
  25  2:51  Starport  
  25  2:55  Marine  
  25  2:56  Marine  
  27  3:04  SCV  
  28  3:08  Supply Depot  
  28  3:13  Marine x2  
  28  3:15  Engineering Bay  
  28  3:16  SCV  
  31  3:24  Siege Tank  
  34  3:28  Medivac  
  34  3:31  Marine x2  
  38  3:36  SCV  
  39  3:50  Hi-Sec Auto Tracking  
  39  3:54  Marine x2  
  41  3:58  Medivac  
  43  4:05  Supply Depot  
  43  4:28  Siege Tank  
  46  4:32  Medivac  
  46  4:34  Marine x2  
  50  4:50  Command Center  
  50  5:00  Cyclone  
  53  5:56  Marine x2  
  55  6:04  Factory  
  55  6:05  Rapid Fire Launchers  
  55  6:32  Marine x2  
  39  6:47  Factory  
  39  6:50  Marine x2  
  41  7:00  Cyclone  
  44  7:02  Cyclone  
  44  7:04  SCV  
  48  7:16  SCV  
  49  7:27  Missile Turret  
  49  7:28  SCV  
  50  7:31  Cyclone  
  50  7:32  Cyclone  
  50  7:34  Cyclone  
  59  7:53  Marine x2  
  61  8:00  Supply Depot  
  61  8:03  Cyclone  
  61  8:05  SCV  
  65  8:10  Marine  
  65  8:11  Marine  
  67  8:17  SCV  
  68  8:23  Supply Depot  
  68  8:28  Marine x2  
  68  8:29  SCV, Cyclone x2  
  77  8:46  Supply Depot, Marine x2  
  79  9:04  Marine  
  51  9:43  Cyclone x3  
  60  10:05  Marine x2  
  62  10:16  Siege Tank  
  62  10:17  Orbital Command  
  62  10:18  Barracks  
  65  10:23  Marine x2  
  67  10:41  Marine x2  
  69  10:48  Siege Tank  
  63  11:20  Siege Tank  
  63  11:23  Cyclone  
  63  11:24  Cyclone  
  72  11:38  Refinery, SCV  
  73  11:49  Marine  
  73  11:50  Marine, SCV  
  76  12:07  Marine x2  
  80  12:10  Cyclone x3  
  87  12:17  Barracks Reactor  
  87  12:34  Marine x2  
  89  12:42  Cyclone  
  92  12:52  Marine x2  
  94  13:13  Marine x2  
  54  13:28  Marine x2  
  54  13:30  Marine  
  54  13:31  Marine  
  58  13:35  Cyclone  
  58  13:36  Cyclone  
  64  13:43  Starport Tech Lab  
  64  13:46  Marine x2  
  66  13:50  Command Center  
  66  14:00  Refinery  
  66  14:04  SCV  
  66  14:09  Supply Depot  
  67  14:16  SCV  
  68  14:23  Cyclone x2  
  74  14:25  Siege Tank  
  74  14:26  Marine x2  
  74  14:27  Marine x2  
  83  14:32  Supply Depot  
  81  14:44  Starport  
  81  14:45  Medivac  
  81  14:50  Marine x2  
  81  14:51  Marine  
  86  14:55  Supply Depot  
  86  15:08  Marine  
  86  15:09  Marine  
  86  15:10  Marine x2  
  90  15:36  Marine x2  
  90  15:37  Marine x2  
  97  15:42  Cyclone  
  97  15:44  Cyclone  
  100  15:56  Refinery x2  
  100  16:09  Marine x4  
  104  16:19  Armory  
  104  16:27  Marine  
  104  16:29  Cyclone x2  
  104  16:30  Cyclone  
  114  16:34  Marine x3  
  115  16:45  Marine  
  110  16:51  Marine x2  
  110  16:52  Marine  
  113  17:02  Marine  
  113  17:08  Armory  
  114  17:09  Marine  
Tags
 
Composition
Mech
Matchup
PvT
Spawn Locations
Close Positions
Add a new tag
Caveats
  • Supply blocks, unpowered buildings, or Contaminate may cause inaccurate times.
  • Supply counts are checked every 10 seconds.